 Dungeon Crawl Stone Soup version 0.30-b1-2-g02819fbbbe (webtiles) character file.

Game seed: 1115682178597335242

11 Alarkh the Grasshopper (level 2, 22/22 HPs)
             Began as a Demonspawn Warper on Nov 26, 2023.
             Got out of the dungeon alive.
             The game lasted 00:00:17 (207 turns).

Alarkh the Grasshopper (Demonspawn Warper)           Turns: 207, Time: 00:00:18

Health: 22/22      AC:  3    Str: 11    XL:     2   Next: 13%
Magic:  5/5        EV: 11    Int: 14    God:
Gold:   28         SH:  0    Dex: 12    Spells: 5/5 levels left

rFire   . . .        a - +3 whip
rCold   . . .        (no shield)
rNeg    . . .        b - +0 leather armour
rPois   .            (no helmet)
rElec   .            (no cloak)
rCorr   .            (no gloves)
SInv    .            (no boots)
Will    .....        (no amulet)
Stlth   +            (no ring)
HPRegen 0.23/turn    (no ring)
MPRegen 0.09/turn

%: no passive effects
@: no status effects
A: foul stench 1
a: no special abilities


You escaped.
You visited 1 branch of the dungeon, and saw 1 of its levels.

You collected 28 gold pieces.

Inventory:

Hand Weapons
 a - a +3 whip (weapon)
 f - a +0 short sword
Missiles
 d - 7 boomerangs of dispersal (quivered)
Armour
 b - a +0 leather armour (worn)
Jewellery
 e - a +6 ring of dexterity
Scrolls
 c - a scroll of blinking


   Skills:
 + Level 2.1 Fighting
 + Level 1.9 Short Blades
 + Level 1.0 Throwing
 + Level 1.1 Armour
 + Level 2.0 Dodging
 + Level 2.0 Spellcasting
 + Level 2.8 Translocations


You had 5 spell levels left.
You didn't know any spells.
Your spell library contained the following spells:

 Spells                   Type           Power      Damage    Failure   Level
 Blink                    Tloc           18%        N/A       16%         2
 Lesser Beckoning         Tloc           18%        N/A       16%         2
 Teleport Other           Tloc           9%         N/A       30%         3
 Vhi's Electric Charge    Tloc/Air       10%        N/A       47%         3
 Manifold Assault         Tloc           9%         N/A       69%         4


Dungeon Overview and Level Annotations

Branches:
Dungeon (1/15)

Altars:


Innate Abilities, Weirdness & Mutations

You may rarely emit foul miasma when damaged in melee.


Message History

a +0 short sword; 5 stones; a kobold corpse The bat hits you but does no damage.
You hit the bat.
The bat is moderately wounded.
The bat closely misses you. x2
You hit the bat.
The bat is severely wounded.
The bat hits you but does no damage. The rat bites you.
You hit the bat.
You kill the bat!
The rat barely misses you.
You hit the rat.
You kill the rat!
No target in view!
No target in view!
No target in view!
No target in view!
No target in view!
No target in view!
No target in view!
No target in view!
No target in view!
No target in view!
No target in view!
No target in view!
A rat comes into view.
A rat is nearby!
A rat is nearby!
The rat barely misses you.
You hit the rat.
You kill the rat!
Your Dodging skill increases to level 2!
No target in view!
Things that are here:
a +0 short sword; 5 stones; a kobold corpse You enter the shallow water.
Moving in this stuff is going to be slow.
There is a staircase leading out of the dungeon here.
Are you sure you want to leave the Dungeon?
This will make you lose the game!
You have escaped!

#.##### #.#...........##
####.##..### ##.#######......#~.
...........####...####.......##≈.
####.#.#.....#..~..#.....#....##.
####.#.#8..~....~....~..8#.....#.
..##.#.##...~..~~~..~...##.)...#.
..##.#.#.....~~~~~~~.....#.....#.
..##.#.....~~~~...~~~~.........#.
..##.#...~~~~~..@..~~~~~...##+#..
####.##....~~~~...~~~~.....##...)
# #.###.....~~~~~~~.....#.##....
####.####...~..~~~..~...##.######
.......#8..~....~....~..8#..
####.#.#.....#..~..#.....####
####.#.....####...####....
...#.#...#######.## ##..
...#.#.#.......#†###.....


There were no monsters in sight!

Vanquished Creatures
  A bat (D:1)
  A goblin (D:1)
  4 jackals (D:1)
  A ball python (D:1)
  A kobold (D:1)
  2 rats (D:1)
10 creatures vanquished.

Notes
Turn   | Place    | Note
-------+----------+-------------------------------------------
     0 | D:1      | Alarkh the Demonspawn Warper began the quest for the Orb.
     0 | D:1      | Reached XP level 1. HP: 16/16 MP: 3/3
    34 | D:1      | Reached skill level 1 in Armour
    56 | D:1      | Reached skill level 1 in Throwing
   178 | D:1      | Gained mutation: You may rarely emit foul miasma when
                  | damaged in melee. [demonic ancestry]
   178 | D:1      | Reached XP level 2. HP: 20/22 MP: 5/5
   207 | D:$      | Got out of the dungeon alive.

Illustrated notes

Levels and vault maps discovered:
D:1:      eino_arrival_water_star, layout_basic,
          shapermc_ecumenical_altar_mp_highgroup,
          amcnicky_mini_rare_corridor_liquid, minivault_27,
          hangedman_decor_points, dreamdust_princess_corridor

Skill      XL: |  1  2 |
---------------+-------+-----
Armour         | 1 |  1.1
Throwing       | 1 |  1.0
Dodging        | 2 |  2.0
Fighting       | |  2.1
Short Blades   | |  1.9
Spellcasting   | |  2.0
Translocations | |  2.8

Action                     || total
---------------------------++-------
  Melee: Whip              ||    26
 Armour: Leather armour    ||    13
  Dodge: Dodged            ||    12
